 Dungeon Crawl Stone Soup version 0.30-a0-702-gdf48620a09 (webtiles) character file.

Game seed: 15510445465643477643

1182 Lobster4 the Conjurer (level 8, -2/58 HPs)
             Began as a Human Conjurer on Jan 21, 2023.
             Was an Initiate of Vehumet.
             Slain by an orc warrior
             ... wielding a +0 short sword
              (11 damage)
             ... on level 5 of the Dungeon.
             The game lasted 00:18:02 (5989 turns).

Lobster4 the Conjurer (Human Conjurer)              Turns: 5989, Time: 00:18:03

Health: -2/58      AC:  4    Str:  8    XL:     8   Next: 70%
Magic:  1/13       EV: 12    Int: 20    God:    Vehumet [......]
Gold:   19         SH:  0    Dex: 12    Spells: 7/14 levels left

rFire   . . .      SeeInvis .    a - staff of earth
rCold   . . .      Faith    .    (no shield)
rNeg    . . .      Spirit   .    e - +0 leather armour
rPois   .          Reflect  .    g - +0 helmet
rElec   .          Harm     .    (no cloak)
rCorr   .          Rampage  .    (no gloves)
Will    +....                    (no boots)
Stlth   ++                       (no amulet)
HPRegen 0.29/turn                B - ring of willpower
MPRegen 0.13/turn                t - ring of wizardry

@: no status effects
A: no striking features
a: Renounce Religion


You were on level 5 of the Dungeon.
You worshipped Vehumet.
Vehumet was noncommittal.
You visited 1 branch of the dungeon, and saw 6 of its levels.

You collected 181 gold pieces.
You spent 162 gold pieces at shops.

Inventory:

Hand Weapons
 i - a +0 dagger
 C - a +4 morningstar
Missiles
 u - 2 silver javelins
 w - 11 poisoned darts (quivered)
Armour
 c - a +0 ring mail
 d - a +1 hat
 e - a +0 leather armour (worn)
 g - a +0 helmet (worn)
 x - a +0 buckler
 y - the +4 ring mail of Loew {Str+2}
   (You bought it in a shop on level 3 of the Dungeon)

   Str:       It affects your strength (+2).
Magical Staves
 a - a staff of earth (weapon)
 r - a staff of air
Jewellery
 t - a ring of wizardry (right hand)
 B - a ring of willpower (left hand)
Wands
 o - a wand of flame (11)
 z - a wand of polymorph (7)
Scrolls
 f - a scroll of enchant weapon
 j - 2 scrolls of blinking {unknown}
 l - 2 scrolls of teleportation {unknown}
 p - 2 scrolls of fog {unknown}
 s - a scroll of amnesia {unknown}
 v - a scroll of poison {unknown}
Potions
 b - 3 potions of magic
 h - 7 potions of heal wounds
 k - a potion of cancellation {unknown}
 m - 2 potions of flight
 n - 4 potions of curing
 q - 2 potions of brilliance
 A - a potion of lignification {unknown}


   Skills:
 + Level 3.3 Fighting
 - Level 3.0 Staves
 - Level 1.0 Throwing
 - Level 3.0 Armour
 - Level 3.0 Dodging
 - Level 2.0 Stealth
 + Level 2.3 Shields
 + Level 3.7 Spellcasting
 + Level 5.4 Conjurations
 + Level 2.7 Earth Magic
 - Level 3.0 Evocations


You had 7 spell levels left.
You knew the following spells:

 Your Spells              Type           Power      Damage    Failure   Level
a - Magic Dart            Conj           100%       1d8       1%          1
b - Searing Ray           Conj           50%        2d6       1%          2
c - Sandblast             Erth           44%        2d11      2%          1
d - Stone Arrow           Conj/Erth      60%        3d10      4%          3

Your spell library contained the following spells:

 Spells                   Type           Power      Damage    Failure   Level
 Passwall                 Tmut/Erth      10%        N/A       6%          2
 Freeze                   Ice            12%        1d3       8%          1
 Dazzling Flash           Conj/Hex       28%        N/A       8%          3
 Hailstorm                Conj/Ice       14%        3d5       8%          3
 Cigotuvi's Dreadful Rot  Necr/Pois/Air  6%         N/A       12%         2
 Frozen Ramparts          Ice            6%         1d1       22%         3
 Fulminant Prism          Conj/Hex       7%         3d7       24%         4
 Iskenderun's Mystic Bla  Conj/Tloc      14%        2d5       24%         4
 Dispel Undead            Necr           3%         3d7       56%         4
 Death Channel            Necr           1%         N/A       100%        6


Dungeon Overview and Level Annotations

Branches:
Dungeon (6/15)
 Temple: D:4-7

Altars:
Cheibriados
Dithmenos
Hepliaklqana
Makhleb
Qazlal
Vehumet
Wu Jian

Shops:
D:2 *   D:3 (=[[

Annotations:
D:4 2 transporters, GimliDwarf's ghost, novice TeCj
D:5 exclusion: water moccasin


Message History

The searing ray hits the orc.
You kill the orc!
Vehumet accepts your kill.
The searing ray misses the orc warrior. (Press . to maintain the ray.)
The searing ray hits the orc warrior but does no damage.
The orc warrior is heavily wounded.
The orc warrior hits you with a +0 short sword!
Aiming: Throw Flame
Press: ? - help, Shift-Dir - straight line, f - orc warrior
Aim: an orc warrior, wielding a +0 short sword and wearing a +0 plate armour (heavily wounded, 71% to hit)
The puff of flame misses the orc warrior.
The orc warrior barely misses you.
Aiming: Throw Flame
Press: ? - help, Shift-Dir - straight line, f/p - orc warrior
Aim: an orc warrior, wielding a +0 short sword and wearing a +0 plate armour (heavily wounded, 71% to hit)
The puff of flame hits the orc warrior.
The orc warrior is severely wounded.
The orc warrior hits you with a +0 short sword!
Aiming: Throw Flame
Press: ? - help, Shift-Dir - straight line, f/p - orc warrior
Aim: an orc warrior, wielding a +0 short sword and wearing a +0 plate armour (severely wounded, 71% to hit)
The puff of flame hits the orc warrior but does no damage.
The orc warrior is severely wounded.
The orc warrior hits you with a +0 short sword!
* * * LOW HITPOINT WARNING * * *
Aiming: Throw Flame
Press: ? - help, Shift-Dir - straight line, f/p - orc warrior
Aim: an orc warrior, wielding a +0 short sword and wearing a +0 plate armour (severely wounded, 71% to hit)
The puff of flame hits the orc warrior but does no damage.
The orc warrior is severely wounded.
The orc warrior hits you with a +0 short sword.
* * * LOW HITPOINT WARNING * * *
Aiming: Throw Flame
Press: ? - help, Shift-Dir - straight line, f/p - orc warrior
Aim: an orc warrior, wielding a +0 short sword and wearing a +0 plate armour (severely wounded, 71% to hit)
The puff of flame hits the orc warrior.
The orc warrior is severely wounded.
The orc warrior hits you with a +0 short sword!
You die...

#............# ############
..#..........# ##..........#
.##..........# ##............#
.............# #..............#
.##..........## #..............#
..#......>....# #........).....#
#.............# ##..............#
...##..#....#.###...............#
...............o@.#............##
........###..).#####.........S
.#...........#....############
........####..#.#..###
####.##....#..#.##...# #
#...[.##<#..#.####.#
###...####.#.....# #.##
..[...############ #..#
).........### ###.##


You could see an orc warrior.

Vanquished Creatures
  Sigmund (D:2)
  A sky beast (D:6)
  A phantom (D:4)
  2 necrophages
  2 scorpions
  5 wights (D:6)
  An orc priest (D:4)
  4 hounds
  2 iguanas
  An orc wizard (D:5)
  A mummy (D:5)
  4 adders
  2 white imps (D:6)
  2 ufetubi (D:5)
  2 worms
  2 dart slugs
  18 orcs
  An endoplasm (D:3)
  A giant cockroach (D:2)
  4 goblins
  4 hobgoblins
  5 quokkas
  5 ball pythons
  2 bats
  2 frilled lizards
  5 kobolds
  2 rats
82 creatures vanquished.

Vanquished Creatures (others)
  2 plants (D:3)
2 creatures vanquished.

Grand Total: 84 creatures vanquished

Notes
Turn   | Place    | Note
-------+----------+-------------------------------------------
     0 | D:1      | Lobster4 the Human Conjurer began the quest for the Orb.
     0 | D:1      | Reached XP level 1. HP: 13/13 MP: 3/3
  1132 | D:2      | Reached XP level 2. HP: 20/20 MP: 3/5
  1191 | D:2      | Noticed a scorpion
  1200 | D:1      | Learned a level 2 spell: Searing Ray
  1282 | D:2      | Noticed Sigmund
  1458 | D:2      | Found a faded altar of an unknown god.
  1671 | D:3      | Reached XP level 3. HP: 25/25 MP: 0/6
  1738 | D:3      | Identified a scroll of acquirement
  1747 | D:3      | Found an ornate altar of the Wu Jian Council.
  1749 | D:3      | Found a shadowy altar of Dithmenos.
  1751 | D:3      | Found a stormy altar of Qazlal.
  1757 | D:3      | Learned a level 1 spell: Sandblast
  1757 | D:3      | Acquired a staff of earth
  1794 | D:3      | Found a burning altar of Makhleb.
  1899 | D:3      | Found Goiwush's Antique Armour Emporium.
  1947 | D:3      | Found Muezita's Armour Shop.
  2001 | D:3      | Found a hazy altar of Hepliaklqana.
  2138 | D:3      | Found Jaocon's Jewellery Shoppe.
  2241 | D:3      | Found Yluex's Weapon Emporium.
  2336 | D:4      | Noticed a necrophage
  2351 | D:4      | Killed a necrophage
  2352 | D:4      | Reached skill level 1 in Fighting
  2352 | D:4      | Reached skill level 1 in Staves
  2352 | D:4      | Reached skill level 1 in Armour
  2352 | D:4      | Reached skill level 1 in Evocations
  2352 | D:4      | Reached XP level 4. HP: 3/32 MP: 0/7
  2352 | D:4      | Reached XP level 5. HP: 3/37 MP: 0/8
  2575 | D:4      | Found a transporter.
  2595 | D:4      | Noticed GimliDwarf's ghost (novice TeCj)
  2604 | D:4      | Found a transporter.
  2975 | D:4      | Reached XP level 6. HP: 37/44 MP: 1/10
  3422 | D:5      | Entered Level 5 of the Dungeon
  3456 | D:5      | Found a snail-covered altar of Cheibriados.
  3754 | D:4      | Reached skill level 1 in Earth Magic
  3754 | D:4      | Reached XP level 7. HP: 9/50 MP: 0/11
  4017 | D:5      | Found a radiant altar of Vehumet.
  4067 | D:5      | Reached skill level 1 in Throwing
  4141 | D:5      | Reached skill level 1 in Shields
  4355 | D:5      | Noticed a water moccasin
  4477 | D:2      | Found Fuaxinoh's Assorted Antiques.
  4538 | D:3      | Bought a brightly glowing ring mail for 162 gold pieces
  4538 | D:3      | Identified the +4 ring mail of Loew {Str+2} (You bought it
                  | in a shop on level 3 of the Dungeon)
  4701 | D:2      | Killed Sigmund
  5174 | D:6      | Reached XP level 8. HP: 57/57 MP: 9/12
  5182 | D:6      | Learned a level 3 spell: Stone Arrow
  5295 | D:6      | Reached skill level 5 in Conjurations
  5792 | D:5      | Became a worshipper of Vehumet
  5989 | D:5      | Slain by an orc warrior

Illustrated notes

Levels and vault maps discovered:
D:1:      nicolae_arrival_somewhat_less_tricky_arrival, layout_basic,
          minmay_misc_feat_tiny
D:2:      layout_loops_ring, serial_shops, nicolae_shop_statue_plus,
          chequers_ecumenical_altar_simple_redux, uniq_sigmund
D:3:      layout_rooms, mainiacjoe_overflow_alcove_1,
          nicolae_hepliaklqana_hazy_memory, grunt_temple_overflow_open,
          serial_shops, shop_fountains, nicolae_shop_advertising_works
          [nicolae_subvault_shop_adworks], shop,
          nicolae_shop_bloodbath_and_beyond
D:4:      layout_basic, gammafunk_ghost_arena, chequers_serial_rivers_marsh
D:5:      layout_rooms, mainiacjoe_overflow_small_starburst, slow_altar_1,
          serial_curves, eino_curves_02, eino_curves_04
D:6:      layout_basic, minmay_temple_entry_stoned_glass, serial_glass,
          glass_columns_a, glass_columns_b, glass_columns_b, glass_columns_a,
          glass_columns_a, glass_columns_a

Skill      XL: |  1  2  3  4  5  6  7  8 |
---------------+-------------------------+-----
Fighting       | 1 2 3 |  3.3
Staves         | 1 2 3 |  3.0
Armour         | 1 2 3 |  3.0
Evocations     | 1 2 3 |  3.0
Dodging        | 3 |  3.0
Earth Magic    | 1 2 |  2.7
Throwing       | 1 |  1.0
Spellcasting   | 3 |  3.7
Shields        | 1 2 |  2.3
Conjurations   | 5 |  5.4
Stealth        | |  2.0

Action                   |  1- 3 |  4- 6 |  7- 9 || total
-------------------------+-------+-------+-------++-------
Melee: Dagger            |     5 |       |       ||     5
       Staff             |       |     5 |     2 ||     7
       Unarmed           |       |       |     2 ||     2
Throw: Javelin           |       |     4 |       ||     4
       Dart              |       |     5 |       ||     5
 Cast: Magic Dart        |    43 |    44 |    48 ||   135
       Searing Ray       |     2 |    12 |    18 ||    32
       Sandblast         |     4 |     7 |     9 ||    20
       Stone Arrow       |       |       |     1 ||     1
Evoke: Wand              |     6 |     4 |     5 ||    15
  Use: Scroll            |     2 |     4 |     1 ||     7
Armor: Leather armour    |     7 |     7 |     5 ||    19
Dodge: Dodged            |     6 |    18 |    12 ||    36

Table legend: (Time is in decaauts)
 A = Elapsed time spent in this place.
 B = Non-inter-level travel time spent in this place.
 C = Inter-level travel time spent in this place.
 D = Time resting spent in this place.
 E = Time spent auto-exploring this place.
 F = Levels seen in this place.
 G = Mean time per level.
                   A        B        C        D        E       F      G
               +--------+--------+--------+--------+--------+-----+--------+
         Total |   6003 |   5653 |    350 |   1326 |   3513 |   6 | 1000.5 |
       Dungeon |   6003 |   5653 |    350 |   1326 |   3513 |   6 | 1000.5 |
               +--------+--------+--------+--------+--------+-----+--------+

Top non-repeatable levels by time:
     D:4: 1351 daAuts
     D:2: 1129 daAuts
     D:1: 1088 daAuts
     D:5: 995 daAuts
     D:3: 722 daAuts
     D:6: 716 daAuts
